 Dungeon Crawl Stone Soup version 0.27.1 (webtiles) character file.

Game seed: 7095484469660336449

1937 Malachi the Insei (level 9, -5/67 HPs)
             Began as a Gnoll Transmuter on Aug 26, 2021.
             Slain by a shadow (17 damage)
             ... on level 5 of the Dungeon.
             The game lasted 00:12:59 (8422 turns).

Malachi the Insei (Gnoll Transmuter)                Turns: 8422, Time: 00:13:00

Health: -5/67      AC: 13    Str: 16    XL:     9   Next: 18%
Magic:  14/18      EV: 14    Int: 16    God:
Gold:   255        SH:  0    Dex: 12    Spells: 9/20 levels left

rFire    . . .     SeeInvis .   C - +1 dagger (protect)
rCold    . . .     Faith    .   (no shield)
rNeg     . . .     Spirit   .   a - +0 robe
rPois    .         Reflect  .   o - +0 helmet
rElec    .         Harm     .   G - +0 cloak
rCorr    .         Rampage  .   (no gloves)
Will     .....                  g - +1 pair of boots
Stlth    ++........             (no amulet)
HPRegen  0.21/turn              u - +6 ring of strength
MPRegen  0.16/turn              (no ring)

@: mighty, under a protective aura, very slightly contaminated
A: fangs 1, strong nose, distributed training
a: no special abilities


You were on level 5 of the Dungeon.
You visited 1 branch of the dungeon, and saw 7 of its levels.

You collected 255 gold pieces.

Inventory:

Hand Weapons
 e - a +0 hunting sling
 s - a +3 whip
 C - a +1 dagger of protection (weapon)
 F - a +2 whip of venom
Missiles
 d - 16 poisoned darts
 p - 120 stones
 H - 27 sling bullets
Armour
 a - a +0 robe (worn)
 g - a +1 pair of boots (worn)
 o - a +0 helmet (worn)
 E - a +0 leather armour
 G - a +0 cloak (worn)
Jewellery
 u - a +6 ring of strength (left hand)
 I - an amulet of faith
Wands
 z - a wand of acid (7)
Scrolls
 b - a scroll of teleportation
 f - a scroll of noise {unknown}
 l - a scroll of amnesia {unknown}
 m - a scroll of enchant armour
 q - a scroll of blinking
 v - a scroll of holy word {unknown}
 w - a scroll of vulnerability
 x - a scroll of fear {unknown}
 y - a scroll of enchant weapon {unknown}
 A - a scroll of identify {unknown}
Potions
 c - 2 potions of heal wounds {unknown}
 h - a potion of might
 i - a potion of magic {unknown}
 j - 3 potions of lignification {unknown}
 k - 4 potions of degeneration {unknown}
 n - 2 potions of cancellation {unknown}
 r - 3 potions of curing {unknown}
 t - a potion of invisibility {unknown}
 B - 2 potions of berserk rage {unknown}
 D - 2 potions of brilliance {unknown}


   Skills:
 + Level 4.8 Fighting
 + Level 4.0 Short Blades
 + Level 4.0 Long Blades
 + Level 4.0 Axes
 + Level 4.0 Maces & Flails
 + Level 4.0 Polearms
 + Level 4.0 Staves
 + Level 4.0 Slings
 + Level 4.0 Bows
 + Level 4.0 Crossbows
 + Level 4.0 Throwing
 + Level 4.0 Armour
 + Level 6.1 Dodging
 + Level 4.0 Stealth
 + Level 4.0 Shields
 + Level 7.7 Unarmed Combat
 + Level 6.4 Spellcasting
 + Level 3.2 Conjurations
 + Level 3.2 Hexes
 + Level 3.2 Summonings
 + Level 3.2 Necromancy
 + Level 3.2 Translocations
 + Level 5.1 Transmutations
 + Level 3.2 Fire Magic
 + Level 3.2 Ice Magic
 + Level 3.2 Air Magic
 + Level 3.2 Earth Magic
 + Level 3.2 Poison Magic
 + Level 4.4 Invocations
 + Level 4.0 Evocations


You had 9 spell levels left.
You knew the following spells:

 Your Spells              Type           Power      Damage    Failure   Level
a - Beastly Appendage     Tmut           42%        N/A       1%          1
b - Spider Form           Tmut/Pois      9%         N/A       7%          3
c - Ice Form              Ice/Tmut       18%        N/A       24%         4
d - Frozen Ramparts       Ice            30%        1d5       11%         3

Your spell library contained the following spells:

 Spells                   Type           Power      Damage    Failure   Level
 Wereblood                Tmut           21%        N/A       2%          2
 Gell's Gravitas          Tloc           7%         N/A       11%         3
 Lesser Beckoning         Tloc           7%         N/A       11%         3
 Teleport Other           Tloc           15%        N/A       11%         3
 Summon Ice Beast         Ice/Summ       15%        N/A       34%         4


Dungeon Overview and Level Annotations

Branches:
Dungeon (7/15)             Temple (0/1) D:5

Altars:
Uskayaw

Annotations:
D:5 2 transporters, Malachi's ghost, novice FoAK


Innate Abilities, Weirdness & Mutations

You have very sharp teeth.
Your uncanny sense of smell can sniff out nearby items.
Your experience applies equally to all skills.


Message History

You climb upwards.
Level annotation: 2 transporters, Malachi's ghost, novice FoAK
There is a stone staircase leading down here.
Unknown command.
You hit the gnoll sergeant but do no damage.
The gnoll sergeant is poisoned.
The gnoll sergeant is almost dead.
The shadow misses you. The gnoll sergeant barely misses you.
You hit the gnoll sergeant.
You kill the gnoll sergeant!
Your transformation has ended.
Your +1 dagger of protection unmelds from your body.
Your +0 cloak unmelds from your body.
Your +0 helmet unmelds from your body.
Your +1 pair of boots unmelds from your body.
Your +0 robe unmelds from your body.
Your +1 dagger of protection hums with potential!
The shadow barely misses you.
You hit the shadow but do no damage.
Your weapon exudes an aura of protection.
The shadow hits you.
You barely miss the shadow. The shadow closely misses you.
You hit the shadow.
The shadow is lightly damaged.
Casting: Spider Form (dangerous; 7% risk of failure)
Confirm with . or Enter, or press ? or * to list all spells.
You miscast Ice Form.
You are very lightly contaminated with residual magic.
You feel extremely cold!
* * * LOW HITPOINT WARNING * * *
The shadow hits you.
* * * LOW HITPOINT WARNING * * *
Unknown command.
It was a potion of might.
You feel very mighty all of a sudden.
The shadow slips into darkness.
The shadow flickers and vanishes!
Deactivating autopickup; reactivate with Ctrl-A.
You barely miss something.
The shadow strikes at you from the darkness!
You die...

#############################
.'.........#...#@........'..#
.#.........#...#{)...[...#..#
'##........#...#.........#..#
.##........'...#.........#..#
..#........#...#.........#..#
..#........###'###'###########
.##........##..#.............####
.##........#...#.............#...
..#........#.................#...


There were no monsters in sight!

Vanquished Creatures
  A centaur zombie (D:5)
  Menkaure (D:4)
  2 black bears (D:6)
  2 ogres
  A phantom (D:6)
  A bullfrog (D:7)
  A gnoll sergeant (D:5)
  A scorpion (D:5)
  A water moccasin skeleton (D:4)
  A howler monkey (D:6)
  A bullfrog zombie (D:5)
  A hound (D:6)
  3 orc priests (D:5)
  2 centaur skeletons (D:4)
  A gnoll shaman (D:5)
  A bullfrog skeleton (D:5)
  An iguana (D:5)
  5 orc wizards
  Natasha (thrice) (D:3)
  A hound zombie (D:5)
  A hound skeleton (D:4)
  Robin (D:2)
  8 gnolls
  A howler monkey skeleton (D:6)
  7 adders
  A shadow imp (D:5)
  A dart slug (D:5)
  23 orcs
  7 bats
  9 endoplasms
  A giant cockroach (D:2)
  12 goblins
  11 hobgoblins
  3 jackals (D:4)
  4 quokkas
  9 ball pythons
  3 frilled lizards
  4 kobolds
  2 rats
139 creatures vanquished.

Notes
Turn   | Place    | Note
-------+----------+-------------------------------------------
     0 | D:1      | Malachi the Gnoll Transmuter began the quest for the Orb.
     0 | D:1      | Reached XP level 1. HP: 17/17 MP: 6/6
   415 | D:1      | Reached XP level 2. HP: 14/23 MP: 5/7
  1189 | D:1      | Reached XP level 3. HP: 27/28 MP: 7/9
  1216 | D:1      | Reached skill level 5 in Spellcasting
  1224 | D:1      | Learned a level 3 spell: Spider Form
  1784 | D:2      | Reached skill level 1 in Invocations
  1813 | D:2      | Noticed Robin
  1819 | D:2      | Killed Robin
  1820 | D:2      | Reached skill level 1 in Short Blades
  1820 | D:2      | Reached skill level 1 in Long Blades
  1820 | D:2      | Reached skill level 1 in Axes
  1820 | D:2      | Reached skill level 1 in Maces & Flails
  1820 | D:2      | Reached skill level 1 in Polearms
  1820 | D:2      | Reached skill level 1 in Staves
  1820 | D:2      | Reached skill level 1 in Slings
  1820 | D:2      | Reached skill level 1 in Bows
  1820 | D:2      | Reached skill level 1 in Crossbows
  1820 | D:2      | Reached skill level 1 in Throwing
  1820 | D:2      | Reached skill level 1 in Armour
  1820 | D:2      | Reached skill level 1 in Stealth
  1820 | D:2      | Reached skill level 1 in Shields
  1820 | D:2      | Reached skill level 1 in Evocations
  1824 | D:2      | Reached XP level 4. HP: 31/34 MP: 9/11
  2329 | D:2      | Reached skill level 1 in Conjurations
  2329 | D:2      | Reached skill level 1 in Hexes
  2329 | D:2      | Reached skill level 1 in Summonings
  2329 | D:2      | Reached skill level 1 in Necromancy
  2329 | D:2      | Reached skill level 1 in Translocations
  2329 | D:2      | Reached skill level 1 in Fire Magic
  2329 | D:2      | Reached skill level 1 in Ice Magic
  2329 | D:2      | Reached skill level 1 in Air Magic
  2329 | D:2      | Reached skill level 1 in Earth Magic
  2329 | D:2      | Reached skill level 1 in Poison Magic
  2705 | D:3      | Noticed Natasha
  3043 | D:3      | Reached XP level 5. HP: 29/40 MP: 8/12
  3045 | D:3      | Killed Natasha
  3296 | D:3      | Noticed Natasha
  3305 | D:3      | Killed Natasha
  3403 | D:3      | Reached XP level 6. HP: 29/47 MP: 10/13
  3684 | D:3      | Noticed Natasha
  3691 | D:3      | Killed Natasha
  4095 | D:3      | Reached skill level 5 in Dodging
  4281 | D:4      | Noticed Menkaure
  4776 | D:4      | Reached XP level 7. HP: 52/52 MP: 11/15
  4848 | D:4      | Learned a level 4 spell: Ice Form
  4956 | D:4      | Killed Menkaure
  4957 | D:4      | Reached skill level 7 in Unarmed Combat
  5905 | D:5      | Entered Level 5 of the Dungeon
  5999 | D:5      | Reached XP level 8. HP: 40/60 MP: 13/17
  6021 | D:5      | Found a transporter.
  6026 | D:5      | Noticed Malachi's ghost (novice FoAK)
  6180 | D:5      | Found a transporter.
  7008 | D:5      | Found a staircase to the Ecumenical Temple.
  7860 | D:6      | Reached XP level 9. HP: 49/66 MP: 15/18
  7878 | D:6      | Found a hide-covered altar of Uskayaw.
  7949 | D:6      | Reached skill level 5 in Transmutations
  8213 | D:7      | Learned a level 3 spell: Frozen Ramparts
  8422 | D:5      | Slain by a shadow

Illustrated notes

Levels and vault maps discovered:
D:1:      dpeg_arrival_shrine, layout_basic
D:2:      layout_basic, uniq_robin
D:3:      layout_basic, uniq_natasha
D:4:      layout_loops_ring, uniq_menkaure
D:5:      layout_gridville, minmay_temple_entry_steel_oval,
          gammafunk_ghost_stat_death
D:6:      layout_layer_cave, eat_drink_and_be_merry_uskayaw,
          nemelex_spade_bored_becter, minmay_manual_mandibuliform
D:7:      layout_basic, uniq_maggie, uniq_harold

Skill      XL: |  1  2  3  4  5  6  7  8  9 |
---------------+----------------------------+-----
Spellcasting   | 5 6 |  6.4
Invocations    | 1 2 3 4 |  4.4
Short Blades   | 1 2 3 4 |  4.0
Long Blades    | 1 2 3 4 |  4.0
Axes           | 1 2 3 4 |  4.0
Maces & Flails | 1 2 3 4 |  4.0
Polearms       | 1 2 3 4 |  4.0
Staves         | 1 2 3 4 |  4.0
Slings         | 1 2 3 4 |  4.0
Bows           | 1 2 3 4 |  4.0
Crossbows      | 1 2 3 4 |  4.0
Throwing       | 1 2 3 4 |  4.0
Armour         | 1 2 3 4 |  4.0
Stealth        | 1 2 3 4 |  4.0
Shields        | 1 2 3 4 |  4.0
Evocations     | 1 2 3 4 |  4.0
Conjurations   | 1 2 3 |  3.2
Hexes          | 1 2 3 |  3.2
Summonings     | 1 2 3 |  3.2
Necromancy     | 1 2 3 |  3.2
Translocations | 1 2 3 |  3.2
Fire Magic     | 1 2 3 |  3.2
Ice Magic      | 1 2 3 |  3.2
Air Magic      | 1 2 3 |  3.2
Earth Magic    | 1 2 3 |  3.2
Poison Magic   | 1 2 3 |  3.2
Fighting       | 3 4 |  4.8
Transmutations | 4 5 |  5.1
Dodging        | 5 6 |  6.1
Unarmed Combat | 7 |  7.7

Action                   |  1- 3 |  4- 6 |  7- 9 || total
-------------------------+-------+-------+-------++-------
Melee: Unarmed           |    72 |   137 |   189 ||   398
       Bite              |     4 |     1 |     1 ||     6
       Headbutt          |     4 |     1 |       ||     5
       Kick              |     7 |     1 |       ||     8
       Punch             |       |     1 |       ||     1
       Dagger            |       |       |    13 ||    13
 Cast: Beastly Appendage |    22 |     3 |       ||    25
       Spider Form       |     1 |    24 |    31 ||    56
       Ice Form          |       |       |     1 ||     1
  Use: Scroll            |       |     3 |     2 ||     5
       Potion            |       |       |     1 ||     1
 Stab: Sleeping          |       |     2 |     4 ||     6
Armor: Robe              |    12 |     5 |     9 ||    26
       Skin              |     1 |     7 |    10 ||    18
Dodge: Dodged            |    52 |   101 |   184 ||   337
